AoeStats
← Herby

Arena

509770429Analyzed
1v1 RM · 4d ago on Sep 28, 2026· 19m 16s· 2 players
Game mode
Random Map
Map size
Tiny (2 player)
Population
200
Speed
Normal
Resources
Standard
Victory
Conquest
Starting age
Dark Age
Ending age
Imperial Age
RankedLock teamsTeams togetherTeam positionsShared explorationLock speedFull tech treeHidden civsTurbo modeCheats
Victory
Defeat
🇲🇽 Cumans · Mexico
1338
+15
🇲🇽 Khmer · Mexico
1317
-15
Herby
9:39 Feudal Age
10:02 Loom
12:44 Castle Age
13:20 Double-Bit Axe
13:28 Gold Mining
Thanathoz130
9:07 Feudal Age
9:58 Double-Bit Axe
10:14 Loom
11:36 Fletching
Connection lost

Rejoining the realm…

Still unreachable

The connection could not be restored.

Session expired

The server has moved on; the page needs a fresh start.